[Event "Hector S Nazzari Memorial 2019"]
[Site "Montevideo"]
[Date "2019.10.14"]
[Round "1.1"]
[White "Vaz Lacuesta, Leonardo"]
[Black "Hoffman, Alejandro"]
[Result "0-1"]
[ECO "C41"]
[WhiteElo "2103"]
[BlackElo "2449"]
[Annotator "RC"]
[PlyCount "86"]
[EventDate "2019.10.14"]
[EventType "swiss"]
[EventCountry "URU"]
[SourceTitle "playchess.com"]
[Source "ChessBase"]
[SourceQuality "1"]
[TimeControl "5400+30"]

1. e4 e5 2. Nf3 d6 3. d4 exd4 4. Nxd4 Nf6 5. Nc3 Be7 6. Be2 O-O 7. O-O Re8 8. Bf4 Bf8 9. Bf3 c6 10. Re1 Nbd7 11. Bg3 Ne5 12. Be2 Ng6 13. Bf3 a5 14. a4 Qb6 15. Rb1 Bd7 16. Qd2 Rad8 17. h3 h6 18. Re3 Bc8 19. Nb3 Be6 20. Nd4 Ne5 21. Be2 Bc4 22. Bh4 g5 23. Rg3 Bxe2 24. Bxg5 hxg5 25. Qxg5+ Ng6 26. Qxf6 Bg7 27. Qg5 Qxd4 28. Nxe2 Qxe4 29. Re3 Qd5 30. Qxd5 cxd5 31. Rxe8+ Rxe8 32. Kf1 d4 33. Rd1 Rc8 34. c3 dxc3 35. bxc3 Rc4 36. Rxd6 Rxa4 37. Ke1 Ra1+ 38. Kd2 Bh6+ 39. Kc2 Ra2+ 40. Kd1 a4 41. Rd8+ Bf8 42. f4 a3 43. g4 Rb2 0-1

[Event "Hector S Nazzari Memorial 2019"]
[Site "Montevideo"]
[Date "2019.10.14"]
[Round "1.2"]
[White "Diaz Hollemaert, Nahuel"]
[Black "Vazquez, Facundo"]
[Result "1/2-1/2"]
[ECO "E91"]
[WhiteElo "2439"]
[BlackElo "2103"]
[Annotator "RC"]
[PlyCount "67"]
[EventDate "2019.10.14"]
[EventType "swiss"]
[EventCountry "URU"]
[SourceTitle "playchess.com"]
[Source "ChessBase"]
[SourceQuality "1"]
[TimeControl "5400+30"]

1. Nf3 Nf6 2. c4 g6 3. Nc3 Bg7 4. e4 d6 5. d4 O-O 6. Be2 Na6 7. O-O e5 8. Qc2 Qe8 9. Rd1 Nb4 10. Qb1 exd4 11. Nxd4 a6 12. Bf4 Nd7 13. Bf1 Nc5 14. Nd5 Nxd5 15. exd5 a5 16. Qc2 Bd7 17. Re1 Qd8 18. Rad1 Re8 19. Rxe8+ Qxe8 20. b3 Qe4 21. Qd2 Qxd4 22. Qxd4 Bxd4 23. Rxd4 Re8 24. Bd2 b6 25. f3 Bf5 26. Bc3 Re3 27. Bd2 Re8 28. Bg5 Kg7 29. Kf2 h6 30. Be3 g5 31. Rd2 Bg6 32. Bd4+ f6 33. Be2 Kf7 34. Be3 1/2-1/2

[Event "Hector S Nazzari Memorial 2019"]
[Site "Montevideo"]
[Date "2019.10.14"]
[Round "1.3"]
[White "Saralegui, Mario"]
[Black "Roselli Mailhe, Bernardo"]
[Result "0-1"]
[ECO "E92"]
[WhiteElo "2059"]
[BlackElo "2435"]
[Annotator "RC"]
[PlyCount "42"]
[EventDate "2019.10.14"]
[EventType "swiss"]
[EventCountry "URU"]
[SourceTitle "playchess.com"]
[Source "ChessBase"]
[SourceQuality "1"]
[TimeControl "5400+30"]

1. d4 Nf6 2. c4 g6 3. Nc3 Bg7 4. e4 d6 5. Be2 O-O 6. Nf3 e5 7. Be3 h6 8. dxe5 Ng4 9. Bc1 Nxe5 10. Nxe5 dxe5 11. Qxd8 Rxd8 12. Nd5 Na6 13. Be3 Bf8 14. O-O-O Be6 15. f4 exf4 16. Nxf4 Re8 17. Nxe6 Rxe6 18. Bf3 Rae8 19. Bf4 c6 20. Rd7 Nc5 21. Rc7 Nd3+ 0-1

[Event "Hector S Nazzari Memorial 2019"]
[Site "Montevideo"]
[Date "2019.10.15"]
[Round "1.4"]
[White "Vitoux, Colomban"]
[Black "Bustelo, Tabare"]
[Result "1-0"]
[ECO "A06"]
[WhiteElo "2381"]
[BlackElo "2054"]
[Annotator "ChessBase"]
[PlyCount "114"]
[EventDate "2019.10.14"]
[EventType "swiss"]
[EventCountry "URU"]
[SourceTitle "playchess.com"]
[Source "ChessBase"]
[SourceQuality "1"]
[TimeControl "5400+30"]

1. Nf3 d5 2. g3 Nc6 3. d4 Bg4 4. Bg2 Nf6 5. h3 Bxf3 6. exf3 e5 7. dxe5 Nxe5 8. Qe2 Qe7 9. O-O O-O-O 10. Nc3 d4 11. f4 Ned7 12. Qf3 c6 13. Ne2 Nb6 14. Rd1 Qc5 15. a4 Qxc2 16. Nxd4 Qc4 17. a5 Rxd4 18. axb6 Rxd1+ 19. Qxd1 a6 20. Be3 Be7 21. Bf1 Qb4 22. Ra4 Qxb2 23. Bd4 Rd8 24. Bd3 Rxd4 25. Rxd4 Qxb6 26. Bf5+ Kb8 27. Rd3 a5 28. Qe2 Bc5 29. Kg2 Ka7 30. Qc2 g6 31. Rb3 Bb4 32. Bd3 Qd4 33. Bc4 Qd7 34. Qa2 Qe7 35. Re3 Qc5 36. Bxf7 Nd7 37. Bg8 Nf6 38. Be6 b5 39. Qa1 Qf8 40. f5 gxf5 41. Qe5 Bd6 42. Qxf5 Nd5 43. Qxh7+ Kb6 44. Bxd5 cxd5 45. Qd7 a4 46. Rd3 Qe7 47. Qf5 Qb7 48. Rxd5 a3 49. Kh2 Qc6 50. Rd2 b4 51. Qd3 Bc5 52. Qc4 Qb5 53. Qe6+ Qc6 54. Qg8 Kb5 55. Rc2 Qd6 56. Qc4+ Kb6 57. Re2 Kc7 1-0

[Event "Hector S Nazzari Memorial 2019"]
[Site "Montevideo"]
[Date "2019.10.14"]
[Round "1.5"]
[White "Tregarthen, Emiliano"]
[Black "Lopez Azambuja, Nicolas"]
[Result "1/2-1/2"]
[ECO "C17"]
[WhiteElo "2039"]
[BlackElo "2318"]
[Annotator "RC"]
[PlyCount "88"]
[EventDate "2019.10.14"]
[EventType "swiss"]
[EventCountry "URU"]
[SourceTitle "playchess.com"]
[Source "ChessBase"]
[SourceQuality "1"]
[TimeControl "5400+30"]

1. e4 e6 2. d4 d5 3. Nc3 Bb4 4. e5 c5 5. a3 Ba5 6. b4 cxd4 7. Nb5 Bc7 8. Nf3 Bd7 9. Nbxd4 Ne7 10. Bd3 Nbc6 11. Qe2 Ng6 12. Nxc6 bxc6 13. h4 Qb8 14. Bxg6 hxg6 15. O-O a5 16. Rb1 Bc8 17. c4 Ba6 18. b5 dxc4 19. Bh6 gxh6 20. bxa6 Qc8 21. Qxc4 Qxa6 22. Qc5 Bd8 23. Qd6 c5 24. Qxc5 Be7 25. Qe3 Rd8 26. Rfd1 Rxd1+ 27. Rxd1 Qb7 28. g3 Kf8 29. Nh2 h5 30. Nf3 Kg7 31. Ng5 Rd8 32. Rxd8 Bxd8 33. Ne4 Be7 34. Nd6 Qd5 35. Ne8+ Kf8 36. Nf6 Qd1+ 37. Kh2 Kg7 38. Qg5 Qf3 39. Kg1 Bxa3 40. Ne8+ Kf8 41. Nd6 Kg7 42. Ne8+ Kf8 43. Nd6 Kg7 44. Ne8+ Kf8 1/2-1/2

[Event "Hector S Nazzari Memorial 2019"]
[Site "Montevideo"]
[Date "2019.10.14"]
[Round "1.6"]
[White "Muniz, Rafael"]
[Black "Genta, Alejandro"]
[Result "1-0"]
[ECO "B08"]
[WhiteElo "2282"]
[BlackElo "2036"]
[Annotator "RC"]
[PlyCount "71"]
[EventDate "2019.10.14"]
[EventType "swiss"]
[EventCountry "URU"]
[SourceTitle "playchess.com"]
[Source "ChessBase"]
[SourceQuality "1"]
[TimeControl "5400+30"]

1. e4 d6 2. d4 Nf6 3. Nc3 g6 4. h3 Bg7 5. Nf3 c6 6. a4 O-O 7. Be2 Nbd7 8. O-O Qc7 9. Be3 Re8 10. Bc4 e6 11. Bb3 Nf8 12. Qd2 d5 13. Bf4 Qd8 14. Rfe1 b6 15. Bh6 Bb7 16. Bxg7 Kxg7 17. e5 Ng8 18. Ne2 Ba6 19. Nf4 Ne7 20. c3 c5 21. Bc2 Rc8 22. h4 cxd4 23. Nxd4 Nc6 24. Nf3 Nd7 25. h5 Qe7 26. g3 g5 27. h6+ Kh8 28. Nd3 g4 29. Nh2 Rg8 30. Qf4 Na5 31. Nb4 Bb7 32. Rad1 Rcf8 33. Nxg4 Qg5 34. Rd4 Nc4 35. b3 Qxf4 36. Rxf4 1-0

[Event "Hector S Nazzari Memorial 2019"]
[Site "Montevideo"]
[Date "2019.10.14"]
[Round "1.7"]
[White "Soto, Nicolas"]
[Black "Coppola, Claudio"]
[Result "0-1"]
[ECO "B00"]
[WhiteElo "2013"]
[BlackElo "2270"]
[Annotator "RC"]
[PlyCount "84"]
[EventDate "2019.10.14"]
[EventType "swiss"]
[EventCountry "URU"]
[SourceTitle "playchess.com"]
[Source "ChessBase"]
[SourceQuality "1"]
[TimeControl "5400+30"]

1. e4 b6 2. d4 Bb7 3. Nc3 g6 4. Nf3 Bg7 5. Be2 e6 6. O-O Ne7 7. Be3 d6 8. Qd2 h6 9. Rad1 Nd7 10. a4 Nf6 11. Bb5+ Kf8 12. Bd3 g5 13. Qe2 Ng6 14. e5 Bxf3 15. Qxf3 Nh4 16. Qc6 Ng4 17. h3 Nxe3 18. fxe3 Ke7 19. g3 Ng6 20. Rf2 Rf8 21. Rdf1 Nh8 22. Be4 Rc8 23. Nb5 dxe5 24. Nxa7 exd4 25. Nxc8+ Qxc8 26. Kg2 dxe3 27. Re2 f5 28. Bxf5 Rxf5 29. Rxf5 exf5 30. Rxe3+ Kf8 31. Rd3 Nf7 32. Rd7 Ne5 33. Rxc7 Qd8 34. Qxb6 Qd5+ 35. Kh2 Nf3+ 36. Kg2 Nd2+ 37. Kh2 Nf1+ 38. Kg1 Bd4+ 39. Qxd4 Qxd4+ 40. Kxf1 f4 41. Rc3 fxg3 42. Rxg3 Qd1+ 0-1

[Event "Hector S Nazzari Memorial 2019"]
[Site "Montevideo"]
[Date "2019.10.14"]
[Round "1.8"]
[White "El Ters, Antouan"]
[Black "Durante, Aurelio"]
[Result "0-1"]
[ECO "C87"]
[WhiteElo "2200"]
[BlackElo "1978"]
[Annotator "RC"]
[PlyCount "114"]
[EventDate "2019.10.14"]
[EventType "swiss"]
[EventCountry "URU"]
[SourceTitle "playchess.com"]
[Source "ChessBase"]
[SourceQuality "1"]
[TimeControl "5400+30"]

1. e4 e5 2. Nf3 Nc6 3. Bb5 a6 4. Ba4 Nf6 5. O-O Be7 6. Re1 d6 7. c3 O-O 8. d4 exd4 9. cxd4 Bg4 10. Bxc6 bxc6 11. Nbd2 Re8 12. Qc2 Qd7 13. b3 a5 14. Bb2 Ra6 15. Rac1 Qc8 16. Re3 Nd7 17. h3 Bh5 18. e5 Bg6 19. Qd1 d5 20. e6 fxe6 21. Rxe6 Bd6 22. Qe2 Rf8 23. Re1 Nf6 24. Re3 Rb6 25. Ne5 Be8 26. Bc3 Ra6 27. a4 Ra8 28. Qd3 Nh5 29. Ndf3 Nf4 30. Qc2 Qd8 31. Qd2 c5 32. dxc5 Bxc5 33. Nd4 Qg5 34. Rg3 Nxh3+ 35. Rxh3 Qxd2 36. Bxd2 Bxd4 37. Rf3 c5 38. Rxf8+ Kxf8 39. Nf3 Bf6 40. Rc1 Be7 41. Bg5 Bd6 42. Ne1 Bf7 43. Nd3 c4 44. bxc4 dxc4 45. Ne1 Rb8 46. Bd2 Bb4 47. Rb1 Bg6 48. Rb2 Ke8 49. Nc2 Bxc2 50. Rxc2 Bxd2 51. Rxd2 Rb4 52. Ra2 Kd7 53. Kf1 Kc6 54. Ke2 Kc5 55. Ke3 Rb3+ 56. Ke4 Rb1 57. f4 Kb4 0-1

[Event "Hector S Nazzari Memorial 2019"]
[Site "Montevideo"]
[Date "2019.10.14"]
[Round "1.9"]
[White "Gomez Troccoli, Martin"]
[Black "Curi, Gabriel"]
[Result "1/2-1/2"]
[ECO "C06"]
[WhiteElo "1961"]
[BlackElo "2194"]
[Annotator "RC"]
[PlyCount "70"]
[EventDate "2019.10.14"]
[EventType "swiss"]
[EventCountry "URU"]
[SourceTitle "playchess.com"]
[Source "ChessBase"]
[SourceQuality "1"]
[TimeControl "5400+30"]

1. e4 e6 2. d4 d5 3. Nd2 Nf6 4. e5 Nfd7 5. Bd3 c5 6. c3 Nc6 7. Ne2 cxd4 8. cxd4 f6 9. exf6 Nxf6 10. Nf3 Bd6 11. O-O Qc7 12. Bg5 O-O 13. Qc2 Nb4 14. Qxc7 Bxc7 15. Bb1 Bd7 16. a3 Bb5 17. axb4 Bxe2 18. Re1 Bxf3 19. gxf3 Bb6 20. Rxe6 Bxd4 21. Ba2 Rfd8 22. Re7 b6 23. Re2 a5 24. Bb3 axb4 25. Rd1 Bc5 26. Re5 Ra7 27. Bxf6 gxf6 28. Rexd5 Rxd5 29. Rxd5 Kg7 30. Kg2 Re7 31. Bc4 h6 32. Rd8 Re5 33. h4 Re1 34. Rd7+ Re7 35. Rd1 Kf8 1/2-1/2

[Event "Hector S Nazzari Memorial 2019"]
[Site "Montevideo"]
[Date "2019.10.14"]
[Round "1.10"]
[White "Carvalho, Guillermo"]
[Black "Rodriguez Farias, Eduardo"]
[Result "1-0"]
[ECO "A49"]
[WhiteElo "2183"]
[BlackElo "1931"]
[Annotator "RC"]
[PlyCount "89"]
[EventDate "2019.10.14"]
[EventType "swiss"]
[EventCountry "URU"]
[SourceTitle "playchess.com"]
[Source "ChessBase"]
[SourceQuality "1"]
[TimeControl "5400+30"]

1. Nf3 Nf6 2. d4 g6 3. g3 Bg7 4. Bg2 O-O 5. O-O d6 6. b3 Nbd7 7. Bb2 Re8 8. Nbd2 e5 9. dxe5 dxe5 10. e4 b6 11. Qe2 a5 12. Rfd1 Qe7 13. Qe1 Bb7 14. h3 Qc5 15. Nc4 b5 16. Nxa5 Bxe4 17. b4 Qxc2 18. Rd2 Qa4 19. Rxd7 Rxa5 20. Rxc7 Ra7 21. Rxa7 Qxa7 22. a3 Bd5 23. Rd1 Bc4 24. Nd2 Bd3 25. Ne4 Nxe4 26. Rxd3 Nf6 27. Bc6 Rc8 28. Bxb5 Nh5 29. Qd2 Bf6 30. Rd7 Qb6 31. Qd5 Rf8 32. Bxe5 Bxe5 33. Qxe5 Nxg3 34. Qxg3 Qxb5 35. Qd3 Qg5+ 36. Kh2 Qe5+ 37. Qg3 Qf5 38. Rb7 Re8 39. Rb8 Rxb8 40. Qxb8+ Kg7 41. Qg3 Qc2 42. Qe5+ Kh6 43. Qc5 Qa4 44. Qf8+ Kh5 45. Qxf7 1-0

[Event "Hector S Nazzari Memorial 2019"]
[Site "Montevideo"]
[Date "2019.10.14"]
[Round "1.11"]
[White "Ramos Correa, Gabriel"]
[Black "Lopez Falcon, Jorge"]
[Result "0-1"]
[ECO "A60"]
[WhiteElo "1889"]
[BlackElo "2166"]
[Annotator "RC"]
[PlyCount "82"]
[EventDate "2019.10.14"]
[EventType "swiss"]
[EventCountry "URU"]
[SourceTitle "playchess.com"]
[Source "ChessBase"]
[SourceQuality "1"]
[TimeControl "5400+30"]

1. d4 Nf6 2. c4 c5 3. d5 e6 4. Nc3 exd5 5. cxd5 Bd6 6. Nf3 O-O 7. Bg5 Re8 8. e3 Bc7 9. Bd3 d6 10. h3 Nbd7 11. O-O h6 12. Bh4 Ba5 13. e4 a6 14. a4 Nf8 15. Qc2 Ng6 16. Bg3 Nh5 17. Bh2 Qf6 18. e5 Nxe5 19. Nxe5 dxe5 20. Ne4 Qd8 21. Qxc5 Bb6 22. Qc4 Bd4 23. Qb3 Nf6 24. Nxf6+ Qxf6 25. Be4 b6 26. Kh1 Bf5 27. f3 Bd7 28. f4 Qd6 29. fxe5 Bxe5 30. Bxe5 Rxe5 31. Qg3 Rae8 32. Qf4 Qe7 33. Bf3 Rc8 34. Qd4 Qd6 35. Rfe1 Rxe1+ 36. Rxe1 Qg3 37. Rf1 Bxh3 38. Qxb6 Rc2 39. Qd8+ Kh7 40. Be4+ f5 41. Rxf5 Bxg2+ 0-1

[Event "Hector S Nazzari Memorial 2019"]
[Site "Montevideo"]
[Date "2019.10.14"]
[Round "1.12"]
[White "Granara Barreto, Sebastian"]
[Black "Belistri, Ubaldo"]
[Result "1-0"]
[ECO "A39"]
[WhiteElo "2134"]
[BlackElo "1853"]
[Annotator "RC"]
[PlyCount "89"]
[EventDate "2019.10.14"]
[EventType "swiss"]
[EventCountry "URU"]
[SourceTitle "playchess.com"]
[Source "ChessBase"]
[SourceQuality "1"]
[TimeControl "5400+30"]

1. c4 Nf6 2. g3 g6 3. Bg2 c5 4. Nc3 Bg7 5. Nf3 Nc6 6. O-O O-O 7. d4 cxd4 8. Nxd4 Nxd4 9. Qxd4 d6 10. Bg5 Be6 11. Qd3 h6 12. Bd2 Nd7 13. b3 Ne5 14. Qc2 Nc6 15. Be3 Qa5 16. Rac1 Rac8 17. Qd2 Kh7 18. Rfd1 Qh5 19. Nd5 Bd7 20. Nf4 Qe5 21. c5 Bf5 22. h3 Rfd8 23. Qe1 dxc5 24. Rxc5 Qb2 25. g4 Bd7 26. Rd2 Qa3 27. Qb1 Be8 28. Rxd8 Rxd8 29. Rd5 Rxd5 30. Nxd5 e6 31. Nc7 Bd7 32. Qd1 Bc8 33. Nb5 Qxa2 34. Nd6 Ne7 35. Nxf7 b6 36. Bd4 Ba6 37. Bf3 Nd5 38. Bxg7 Kxg7 39. Nd8 Kf6 40. Qd4+ Ke7 41. Nxe6 Nf6 42. Nf4 Qxb3 43. Qe5+ Kf7 44. Qc7+ Kg8 45. Qb8+ 1-0

[Event "Hector S Nazzari Memorial 2019"]
[Site "Montevideo"]
[Date "2019.10.14"]
[Round "1.13"]
[White "Palacio, Enzo"]
[Black "Dominguez, Facundo"]
[Result "0-1"]
[ECO "C04"]
[WhiteElo "1780"]
[BlackElo "2130"]
[Annotator "RC"]
[PlyCount "74"]
[EventDate "2019.10.14"]
[EventType "swiss"]
[EventCountry "URU"]
[SourceTitle "playchess.com"]
[Source "ChessBase"]
[SourceQuality "1"]
[TimeControl "5400+30"]

1. e4 e6 2. d4 d5 3. Nd2 Nc6 4. Ngf3 Nf6 5. e5 Nd7 6. c3 f6 7. exf6 Qxf6 8. Bd3 Bd6 9. O-O O-O 10. Bb5 a6 11. Bxc6 bxc6 12. Re1 e5 13. dxe5 Nxe5 14. Nxe5 Bxe5 15. Qe2 Re8 16. Kh1 Bd7 17. Qf3 Bxc3 18. Rd1 Bxb2 19. Bxb2 Qxb2 20. h3 Qf6 21. Rac1 Rab8 22. Kg1 Rb2 23. a4 Qxf3 24. Nxf3 Ree2 25. Rf1 Re4 26. Rfe1 Rxe1+ 27. Rxe1 Kf8 28. Ne5 Be8 29. Rc1 Ke7 30. Nxc6+ Kd6 31. Nd4 Bd7 32. a5 c5 33. Nf3 d4 34. Ng5 Kd5 35. Nxh7 d3 36. Ng5 d2 37. Ra1 Ba4 0-1

[Event "Hector S Nazzari Memorial 2019"]
[Site "Montevideo"]
[Date "2019.10.16"]
[Round "2.10"]
[White "Carbone, Diego"]
[Black "Soto, Nicolas"]
[Result "1-0"]
[ECO "D12"]
[WhiteElo "2233"]
[BlackElo "2013"]
[Annotator "RC"]
[PlyCount "135"]
[EventDate "2019.10.14"]
[EventType "swiss"]
[EventCountry "URU"]
[SourceTitle "playchess.com"]
[Source "ChessBase"]
[SourceQuality "1"]
[TimeControl "5400+30"]

1. d4 d5 2. c4 c6 3. Nf3 Nf6 4. e3 Bf5 5. Nc3 e6 6. Nh4 Bg6 7. Be2 Nbd7 8. O-O Be7 9. g3 a6 10. a4 a5 11. Nxg6 hxg6 12. Qc2 O-O 13. Rd1 Rc8 14. e4 dxe4 15. Nxe4 Nxe4 16. Qxe4 Nf6 17. Qc2 Bb4 18. Bf3 Qe7 19. Be3 Rfd8 20. Kg2 e5 21. dxe5 Qxe5 22. Bb6 Rxd1 23. Rxd1 g5 24. h3 Bc5 25. Qb3 Bb4 26. Qe3 Re8 27. Qxe5 Rxe5 28. Bd4 Re1 29. Rxe1 Bxe1 30. Be3 Nd7 31. Bxg5 Nc5 32. Kf1 Bb4 33. Bd1 Ne4 34. Bf4 Nd2+ 35. Ke2 Nxc4 36. b3 Nb6 37. Bc2 Nd5 38. Be5 f6 39. Bb2 Kf7 40. h4 Ke6 41. g4 b5 42. h5 Bd6 43. Bf5+ Ke7 44. Be4 Nb4 45. Kf3 Kf7 46. Bc3 Bc5 47. Ke2 Bb6 48. f4 Bc5 49. Kf3 Bb6 50. Bg6+ Kf8 51. g5 fxg5 52. fxg5 Nd5 53. Bd2 bxa4 54. bxa4 Bd8 55. Be4 Ne7 56. Kg4 Kf7 57. Bc3 Nd5 58. Bxd5+ cxd5 59. Kf5 Bb6 60. g6+ Kf8 61. Ke5 d4 62. Bxd4 Bc7+ 63. Ke6 Bf4 64. Kd7 Bd2 65. Bc5+ Kg8 66. Kc6 Bc3 67. Kb5 Bd2 68. Bb6 1-0

[Event "Hector S Nazzari Memorial 2019"]
[Site "Montevideo"]
[Date "2019.10.15"]
[Round "2.12"]
[White "Belistri, Ubaldo"]
[Black "Saralegui, Mario"]
[Result "1/2-1/2"]
[ECO "A00"]
[WhiteElo "1853"]
[BlackElo "2059"]
[Annotator "NA RC"]
[PlyCount "69"]
[EventDate "2019.10.14"]
[EventType "swiss"]
[EventCountry "URU"]
[SourceTitle "playchess.com"]
[Source "ChessBase"]
[SourceQuality "1"]
[TimeControl "5400+30"]

1. Nc3 d5 2. e4 d4 3. Nce2 e5 4. d3 Nc6 5. Nf3 f6 6. Ng3 g6 7. Be2 Bg7 8. Bd2 Nge7 9. c4 dxc3 10. bxc3 Be6 11. Be3 Qd7 12. d4 exd4 13. cxd4 Bf7 14. d5 Nd8 15. Rc1 O-O 16. O-O c6 17. dxc6 Qxd1 18. Rfxd1 Ndxc6 19. Bc4 Rfd8 20. Bxf7+ Kxf7 21. h4 b6 22. Nd4 Nxd4 23. Bxd4 Rac8 24. Ne2 Bh6 25. f4 Rxc1 26. Rxc1 Bxf4 27. Bxb6 Bxc1 28. Bxd8 Be3+ 29. Kf1 Nc6 30. Bc7 Ke6 31. Nf4+ Kd7 32. Nd5 Bd4 33. Bg3 Ke6 34. Nf4+ Kd7 35. Nd5 1/2-1/2

[Event "Hector S Nazzari Memorial 2019"]
[Site "Montevideo"]
[Date "2019.10.15"]
[Round "2.13"]
[White "Bustelo, Tabare"]
[Black "Ramos Correa, Gabriel"]
[Result "1-0"]
[ECO "A00"]
[WhiteElo "2054"]
[BlackElo "1889"]
[Annotator "NA RC"]
[PlyCount "71"]
[EventDate "2019.10.14"]
[EventType "swiss"]
[EventCountry "URU"]
[SourceTitle "playchess.com"]
[Source "ChessBase"]
[SourceQuality "1"]
[TimeControl "5400+30"]

1. Nc3 c5 2. Nf3 d6 3. d4 cxd4 4. Nxd4 g6 5. e4 Bg7 6. Bb5+ Bd7 7. O-O Nf6 8. a4 O-O 9. Be3 Nc6 10. f3 Qc7 11. Qd2 Rfc8 12. Rad1 a6 13. Bxc6 bxc6 14. Nb3 Be6 15. Nd4 Bd7 16. Qf2 Rcb8 17. b3 e5 18. Nde2 Be6 19. a5 Nd7 20. Na4 d5 21. Nb6 Nxb6 22. axb6 Qb7 23. Bc5 Bf8 24. b4 a5 25. c3 axb4 26. cxb4 Ra2 27. Ra1 Rba8 28. Rxa2 Rxa2 29. Bxf8 Kxf8 30. f4 exf4 31. Qc5+ Kg8 32. Nxf4 Bd7 33. exd5 cxd5 34. Nxd5 Bc6 35. Qxc6 Rxg2+ 36. Kh1 1-0

[Event "Hector S Nazzari Memorial 2019"]
[Site "Montevideo"]
[Date "2019.10.15"]
[Round "2.14"]
[White "Genta, Alejandro"]
[Black "Palacio, Enzo"]
[Result "0-1"]
[ECO "A01"]
[WhiteElo "2036"]
[BlackElo "1780"]
[Annotator "NA RC"]
[PlyCount "102"]
[EventDate "2019.10.14"]
[EventType "swiss"]
[EventCountry "URU"]
[SourceTitle "playchess.com"]
[Source "ChessBase"]
[SourceQuality "1"]
[TimeControl "5400+30"]

1. b3 Nf6 2. Bb2 g6 3. Nf3 Bg7 4. g3 d6 5. Bg2 O-O 6. c4 Nbd7 7. O-O c6 8. Qc2 Qc7 9. d4 Re8 10. Nbd2 e5 11. e4 a5 12. Rad1 Qb6 13. c5 dxc5 14. Nc4 Qc7 15. dxc5 h6 16. Nd6 Re7 17. Bh3 Nh7 18. Rfe1 Nhf8 19. a3 Qb8 20. b4 axb4 21. axb4 Nb6 22. Nxc8 Nxc8 23. Rd8 Qc7 24. Red1 Kh7 25. Bxe5 Bxe5 26. Nxe5 Qxe5 27. Rxf8 Nb6 28. f4 Qg7 29. Rdd8 Rxd8 30. Rxd8 Qa1+ 31. Rd1 Qa4 32. Qxa4 Nxa4 33. Rd7 Rxd7 34. Bxd7 Nb2 35. Bc8 Nd3 36. Bxb7 Nxb4 37. Kf2 Nd3+ 38. Ke3 Nxc5 39. Bxc6 Kg7 40. Kd4 Ne6+ 41. Ke5 h5 42. f5 gxf5 43. exf5 Nf8 44. f6+ Kg6 45. Be4+ Kg5 46. Bf5 h4 47. gxh4+ Kxh4 48. Kf4 Kh5 49. h3 Ng6+ 50. Bxg6+ Kxg6 51. Ke5 Kg5 0-1

[Event "Hector S Nazzari Memorial 2019"]
[Site "Montevideo"]
[Date "2019.10.16"]
[Round "3.10"]
[White "Saralegui, Mario"]
[Black "Rodriguez Farias, Eduardo"]
[Result "0-1"]
[ECO "E92"]
[WhiteElo "2059"]
[BlackElo "1931"]
[Annotator "NA RC"]
[PlyCount "88"]
[EventDate "2019.10.14"]
[EventType "swiss"]
[EventCountry "URU"]
[SourceTitle "playchess.com"]
[Source "ChessBase"]
[SourceQuality "1"]
[TimeControl "5400+30"]

1. d4 Nf6 2. c4 g6 3. Nc3 Bg7 4. e4 d6 5. Nf3 O-O 6. Be2 e5 7. dxe5 dxe5 8. Qxd8 Rxd8 9. Bg5 c6 10. Nxe5 Re8 11. f4 Na6 12. O-O-O Nc5 13. Bf3 h6 14. Bh4 {[%emt 0:01:58] E92: King's Indian: Classical: 6 Be2 e5: 7 dxe5, 7 Be3 and Petrosian System without 7...Nbd7} g5 15. Bf2 ({Worse is} 15. fxg5 hxg5 16. Bxg5 (16. Bg3 $2 g4 $19) 16... Rxe5 $19 {[%mdl 64] Double Attack}) 15... Ne6 16. f5 Nf4 17. Nd3 (17. g3 $16 Nh3 18. Nd3) 17... Nxd3+ 18. Rxd3 g4 {[%emt 0:00:07] [#]} 19. Be2 $146 ({Predecessor:} 19. Bd1 Nxe4 20. Nxe4 Rxe4 21. Rd8+ {1-0 (55) Gutman,G (2501)-Yuffa,D (2302) Pardubice 2011}) 19... b6 (19... Nxe4 $11 {keeps the balance.} 20. Nxe4 Bxf5 21. Bxg4 Bxg4) 20. h3 (20. Rhd1 $16) 20... Nxe4 21. Nxe4 Bxf5 22. Rg3 Bxe4 23. Bxg4 Be5 24. Rb3 Bf4+ 25. Be3 Bxg2 26. Bxf4 Bxh1 27. Rg3 Kh8 28. Bxh6 (28. Bd2 $17 f6 29. Bc3) 28... Be4 29. Bg5 Kh7 30. Bf6 (30. h4 {might work better.}) 30... Rg8 31. Re3 Kg6 32. Bc3 f5 33. Be2 c5 34. b3 Rae8 35. h4 $2 (35. Rg3+ Kf7 36. Be1 Rxg3 37. Bxg3) 35... f4 36. Rh3 Kh6 37. Bd2 Ref8 38. Bf3 Bxf3 39. Rxf3 Rg4 40. Rd3 Rf7 41. Rd6+ Kh5 42. Be1 Rg1 43. Kd2 Re7 44. Rd5+ $19 Kh6 0-1

[Event "Hector S Nazzari Memorial 2019"]
[Site "Montevideo"]
[Date "2019.10.16"]
[Round "3.12"]
[White "Tregarthen, Emiliano"]
[Black "Belistri, Ubaldo"]
[Result "1-0"]
[ECO "B15"]
[WhiteElo "2039"]
[BlackElo "1853"]
[Annotator "NA RC"]
[PlyCount "104"]
[EventDate "2019.10.14"]
[EventType "swiss"]
[EventCountry "URU"]
[SourceTitle "playchess.com"]
[Source "ChessBase"]
[SourceQuality "1"]
[TimeControl "5400+30"]

1. e4 c6 2. d4 d5 3. Nc3 dxe4 4. Nxe4 Nf6 5. Nxf6+ exf6 6. Nf3 Bd6 7. Bd3 O-O 8. O-O Bg4 9. h3 Bh5 {[%emt 0:00:20] B15: Caro-Kann: 3 Nc3: 3...g6 and 3...dxe4 4 Nxe4 Nf6 5 Nxf6+ exf6} 10. Re1 (10. Be4 Re8 11. Qd3 Bg6 12. Bxg6 hxg6 13. Bd2 Nd7 {½-½ (13) Ghaem Maghami,E (2574)-Berkes,F (2648) Rasht 2017}) 10... Nd7 11. c4 c5 12. d5 $146 ({Predecessor:} 12. Be4 Qc7 13. Qd3 Bxf3 14. Bxf3 cxd4 15. Qxd4 Be5 16. Qe4 Nc5 {½-½ (30) Karasova,E (2326)-Oger,C (2374) ICCF email 2013}) 12... Ne5 13. g4 Nxd3 14. Qxd3 Bg6 15. Qc3 h6 16. Nh4 Bh7 17. Qf3 Be5 18. Nf5 Bxf5 19. gxf5 Re8 (19... b5 $5) 20. Re4 Kh7 21. Be3 b6 22. Rh4 Qe7 $2 {[%emt 0:04:30] [#]} (22... Bxb2 $11 {and Black stays safe.} 23. Rb1 Bd4) 23. Kh1 $1 Rg8 24. Qh5 Qf8 25. Rg1 Bd4 26. Bxd4 cxd4 27. Rxd4 Qe7 28. Qg4 Rae8 29. d6 Qd7 30. b4 Re5 31. Rc1 Rxf5 32. c5 bxc5 33. bxc5 Rc8 {[%emt 0:03:32] [#]} (33... Qc6+ $142 34. Qe4 Qxe4+ 35. Rxe4 Rd5) 34. Qe4 (34. Rd5 $142 $3 ) 34... g6 35. c6 Rxf2 36. Qg4 $4 {[%emt 0:02:06] [#]} (36. cxd7 $2 {leads to mate.} Rxc1+ 37. Rd1 Rxd1+ 38. Qe1 Rxe1#) (36. Kg1 $18 Rxa2 37. Rc2 (37. cxd7 $2 {gets mated.} Rxc1+ 38. Rd1 Rxd1+ 39. Qe1 Rxe1#) 37... Qxh3 38. Rxa2 Rxc6 39. Qxc6 Qe3+ 40. Kf1 Qxd4 41. d7) 36... Rxc6 $1 37. Kg1 f5 38. Qd1 Rxc1 39. Qxc1 Rxa2 40. Qc4 Ra1+ 41. Kf2 $1 $11 Qb7 $2 (41... g5 $19 42. Qe2 Kg6) 42. Qd5 Qd7 43. Rd2 $2 Ra6 44. Qd4 Rc6 45. Qf6 Kg8 $2 (45... Rb6 $19 46. Qe7 Rb7) 46. Qe7 {[%emt 0:00:29] [#]} Rc7 $1 47. Qf6 $2 (47. dxc7 $11 Qxd2+ 48. Kg1 Qd4+ 49. Kh1 Qd1+ 50. Kg2 Qd2+ 51. Kf3 Qc3+ 52. Kg2 Qc6+ 53. Kg3 f4+ 54. Kxf4) 47... Rc8 48. Re2 (48. Qe7 $142 Qa4 49. Qe3) 48... Qa4 49. Qe5 Qh4+ 50. Kg2 f4 51. Kf3 Qxh3+ 52. Kxf4 Qh4+ $19 (52... Rc4+ $142 53. Qd4 Rxd4+ 54. Re4 Rd3 55. Re8+ Kh7 56. Rh8+ Kxh8 57. Ke5 Qf5#) 1-0